 Dungeon Crawl Stone Soup version 0.29-a0-1009-g60c99734e7 (webtiles) character file.

Game seed: 18171277128904186905

141 leavemydog the Conjurer (level 5, -2/28 HPs)
             Began as a Deep Elf Conjurer on Aug 8, 2022.
             Killed by divine providence
             ... invoked by an orc priest
              (13 damage)
             ... on level 4 of the Dungeon.
             The game lasted 00:05:23 (3248 turns).

leavemydog the Conjurer (Deep Elf Conjurer)         Turns: 3248, Time: 00:05:24

Health: -2/28      AC:  2    Str:  6    XL:     5   Next: 3%
Magic:  17/21      EV: 12    Int: 23    God:
Gold:   186        SH:  0    Dex: 13    Spells: 4/11 levels left

rFire   . . .      SeeInvis .   q - +1 dagger (venom)
rCold   . . .      Faith    .   t - orb {light}
rNeg    . . .      Spirit   .   a - +0 robe
rPois   .          Reflect  .   (no helmet)
rElec   .          Harm     .   (no cloak)
rCorr   .          Rampage  .   (no gloves)
Will    +....                   (no boots)
Stlth   +.........              r - amulet of magic regeneration
HPRegen 0.09/turn               o - ring of willpower
MPRegen 0.57/turn               y - ring of magical power

@: glowing
A: no striking features
a: no special abilities


You were on level 4 of the Dungeon.
You visited 1 branch of the dungeon, and saw 4 of its levels.

You collected 186 gold pieces.

Inventory:

Hand Weapons
 q - a +1 dagger of venom (weapon)
Missiles
 x - 4 javelins
Armour
 a - a +0 robe (worn)
 t - an orb of light (worn)
Jewellery
 m - an amulet of regeneration
 o - a ring of willpower (left hand)
 r - an amulet of magic regeneration (around neck)
 y - a ring of magical power (right hand)
Scrolls
 d - a scroll of summoning {unknown}
 e - 4 scrolls of identify {unknown}
 f - a scroll of teleportation {unknown}
 h - 3 scrolls of fear
 i - a scroll of vulnerability {unknown}
 k - 2 scrolls of enchant weapon {unknown}
 n - 2 scrolls of noise {unknown}
 s - 2 scrolls of magic mapping {unknown}
 v - a scroll of blinking {unknown}
Potions
 b - 2 potions of magic
 c - a potion of invisibility {unknown}
 g - 2 potions of curing {unknown}
 j - 3 potions of heal wounds {unknown}
 l - a potion of flight {unknown}
 p - 2 potions of attraction {unknown}
 u - a potion of degeneration {unknown}
 w - a potion of berserk rage {unknown}


   Skills:
 - Level 2.4 Dodging
 - Level 2.4 Stealth
 + Level 3.9 Spellcasting
 + Level 6.3 Conjurations
 * Level 1.0 Translocations
 - Level 0.9 Air Magic


You had 4 spell levels left.
You knew the following spells:

 Your Spells              Type           Power      Damage    Failure   Level
a - Magic Dart            Conj           100%       1d8       1%          1
b - Searing Ray           Conj           66%        2d6       1%          2
c - Iskenderun's Mystic   Conj/Tloc      21%        2d6       22%         4

Your spell library contained the following spells:

 Spells                   Type           Power      Damage    Failure   Level
 Static Discharge         Conj/Air       21%        3-6/arc   3%          2
 Dazzling Flash           Conj/Hex       38%        N/A       9%          3
 Fulminant Prism          Conj/Hex       9%         3d7       28%         4
 Ozocubu's Armour         Ice            4%         N/A       32%         3
 Lightning Bolt           Conj/Air       10%        1d23      54%         5
 Metabolic Englaciation   Hex/Ice        2%         N/A       96%         5
 Simulacrum               Ice/Necr       2%         N/A       100%        6
 Maxwell's Capacitive Co  Air            4%         ∞         100%        8


Dungeon Overview and Level Annotations

Branches:
Dungeon (4/15)
 Temple: D:4-7

Altars:

Annotations:
D:3 1 runed translucent door, leavemydog's ghost, amateur HOFi


Message History

Aiming: Magic Dart (safe; 1% risk of failure)
Press: ? - help, Shift-Dir - straight line, f - orc priest
Aim: an orc priest, wielding a +0 mace (100% to hit)
The magic dart hits the orc priest.
The orc priest is moderately wounded.
The orc wizard shouts!
An orc comes into view. It is wielding a +0 club.
The orc priest mumbles some strange prayers to Beogh against you.
Beogh smites you!
Casting: Magic Dart (safe; 1% risk of failure)
Confirm with . or Enter, or press ? or * to list all spells.
You can't see any susceptible monsters within range! (Use Z to cast anyway.)
Casting: Magic Dart (safe; 1% risk of failure)
Confirm with . or Enter, or press ? or * to list all spells.
Aiming: Magic Dart (safe; 1% risk of failure)
Press: ? - help, Shift-Dir - straight line, f/p - orc priest
Aim: an orc priest, wielding a +0 mace (moderately wounded, 100% to hit)
The magic dart hits the orc wizard but does no damage.
Casting: Magic Dart (safe; 1% risk of failure)
Confirm with . or Enter, or press ? or * to list all spells.
Aiming: Searing Ray (safe; 1% risk of failure)
Press: ? - help, Shift-Dir - straight line, f - orc wizard, p - orc priest
Aim: an orc wizard, wielding a +0 dagger and wearing a +0 robe (76% to hit)
The searing ray hits the orc wizard.
The orc wizard is moderately wounded. (Press . to maintain the ray.)
The orc wizard gestures at you while chanting.
You resist with almost no effort.
The searing ray misses the orc wizard.
The searing ray hits the orc wizard.
The orc wizard is moderately wounded.
The orc priest calls down the wrath of Beogh upon you.
Beogh smites you!
You hear a shout!
The searing ray hits the orc wizard!
The orc wizard is almost dead.
You finish channelling your searing ray.
The orc priest mumbles some strange prayers to Beogh against you.
Beogh smites you!
You die...

#.####### ##...## ..
.... ...## .# #..# ##..#
.# #..# ###..#
#.###..###.##..####
#.........#.......#
#####....##.......#
.#######.#.###.#...#.###
.oo..o.@.##.##..#.......
############.#.#####.###
##..#####<# ##.......#
#########


You could see an orc priest, an orc wizard and an orc.

Vanquished Creatures
  A hound (D:4)
  Robin (D:3)
  3 adders
  A white imp (D:3)
  A dart slug (D:2)
  7 orcs
  5 ball pythons
  6 bats
  4 endoplasms
  12 goblins
  6 hobgoblins
  A frilled lizard (D:3)
  3 kobolds
  4 rats (D:1)
55 creatures vanquished.

Vanquished Creatures (others)
  A plant (D:4)
  4 toadstools (D:1)
5 creatures vanquished.

Grand Total: 60 creatures vanquished

Notes
Turn   | Place    | Note
-------+----------+-------------------------------------------
     0 | D:1      | leavemydog the Deep Elf Conjurer began the quest for the
                  | Orb.
     0 | D:1      | Reached XP level 1. HP: 10/10 MP: 6/6
   135 | D:1      | Reached XP level 2. HP: 15/15 MP: 5/8
   140 | D:1      | Learned a level 2 spell: Searing Ray
   198 | D:1      | Reached skill level 5 in Conjurations
   430 | D:1      | Found a faded altar of an unknown god.
  1317 | D:2      | Reached XP level 3. HP: 19/19 MP: 6/9
  2358 | D:3      | Reached XP level 4. HP: 24/24 MP: 7/11
  2364 | D:3      | Learned a level 4 spell: Iskenderun's Mystic Blast
  2369 | D:3      | Noticed Robin
  2373 | D:3      | Killed Robin
  2638 | D:3      | Noticed a bullfrog
  2652 | D:3      | Reached skill level 6 in Conjurations
  2681 | D:3      | Found a runed translucent door.
  3037 | D:3      | Noticed leavemydog's ghost (amateur HOFi)
  3107 | D:4      | Reached skill level 1 in Translocations
  3128 | D:4      | Reached XP level 5. HP: 27/28 MP: 12/12
  3248 | D:4      | Killed from afar by an orc priest

Illustrated notes

Levels and vault maps discovered:
D:1:      ldierk_walled_garden_2, layout_loops_ring, basic_ecumenical_altar,
          dreamdust_princess_bridge, reono_crystal_passage
D:2:      layout_basic, minmay_cupped
D:3:      layout_loops_corners, ebering_ghost_sewer_d, corner_web_ring,
          uniq_robin
D:4:      layout_loops_corners, serial_bayou_crossing

Skill      XL: |  1  2  3  4 |
---------------+-------------+-----
Conjurations   | 5 6 |  6.3
Translocations | 1 |  1.0
Dodging        | |  2.4
Stealth        | |  2.4
Spellcasting   | |  3.9
Air Magic      | |  0.9

Action                   |  1- 3 |  4- 6 || total
-------------------------+-------+-------++-------
 Cast: Magic Dart        |    57 |    28 ||    85
       Searing Ray       |     2 |     4 ||     6
  Use: Scroll            |     1 |       ||     1
Armor: Robe              |       |     1 ||     1
Dodge: Dodged            |     5 |     3 ||     8

Table legend: (Time is in decaauts)
 A = Elapsed time spent in this place.
 B = Non-inter-level travel time spent in this place.
 C = Inter-level travel time spent in this place.
 D = Time resting spent in this place.
 E = Time spent auto-exploring this place.
 F = Levels seen in this place.
 G = Mean time per level.
                   A        B        C        D        E       F      G
               +--------+--------+--------+--------+--------+-----+--------+
         Total |   3245 |   3116 |    129 |    261 |   2613 |   4 |  811.2 |
       Dungeon |   3245 |   3116 |    129 |    261 |   2613 |   4 |  811.2 |
               +--------+--------+--------+--------+--------+-----+--------+

Top non-repeatable levels by time:
     D:3: 1133 daAuts
     D:2: 984 daAuts
     D:1: 954 daAuts
     D:4: 173 daAuts
